 Dungeon Crawl Stone Soup version 0.27.1-1-g398f81649c (webtiles) character file.

Game seed: 15716688523657286466

24613 pkoi the Grappler (level 12, -6/118 HPs)
             Began as a Troll Monk on Sept 17, 2021.
             Was the Champion of Zin.
             Mangled by a boulder beetle (9 damage)
             ... on level 12 of the Dungeon.
             The game lasted 00:17:24 (10579 turns).

pkoi the Grappler (Troll Monk)                     Turns: 10579, Time: 00:17:25

Health: -6/118     AC:  7    Str: 26    XL:     12   Next: 82%
Magic:  16/17      EV: 16    Int:  6    God:    Zin [******]
Gold:   637        SH:  5    Dex: 24    Spells: 11/11 levels left

rFire    . . .     SeeInvis .     - Unarmed
rCold    . . .     Faith    .   (no shield)
rNeg     + . .     Spirit   .   t - +0 steam dragon scales
rPois    .         Reflect  +   (helmet restricted)
rElec    .         Harm     .   G - scarf {repulsion}
rCorr    .         Rampage  .   (gloves unavailable)
Will     .....                  (boots unavailable)
Stlth    ++........             i - amulet of Ru's Hatred {Reflect rN+ Regen+ SH+5}
HPRegen  2.29/turn              g - +6 ring of dexterity
MPRegen  0.15/turn              z - +6 ring of dexterity

@: lethally poisoned (-6 -> -6), on recite cooldown, studying Bows, repel
missiles
A: large, unfitting armour, claws 3, regeneration 1, shaggy fur 1, tough skin 1
a: Renounce Religion, Recite, Vitalisation, Imprison, Sanctuary, Donate Gold


You were on level 12 of the Dungeon.
You worshipped Zin.
Zin was exalted by your worship.
You visited 3 branches of the dungeon, and saw 15 of its levels.
You also visited: Sewer.

You collected 1629 gold pieces.
You spent 854 gold pieces at shops.
You donated 138 gold pieces to Zin.

Inventory:

Missiles
 d - 14 boomerangs (quivered)
 l - 5 javelins
 w - 2 throwing nets
 y - 22 poisoned darts
 B - 10 large rocks
 E - 8 silver javelins
Armour
 a - a +0 robe
 b - a +1 cloak of stealth
 t - +0 steam dragon scales (worn)
 G - a scarf of repulsion (worn)
Jewellery
 g - a +6 ring of dexterity (left claw)
 i - the amulet of Ru's Hatred (around neck) {Reflect rN+ Regen+ SH+5}
   (You acquired it on level 1 of the Dungeon)

   [amulet of reflection]

   It reflects blocked missile attacks.
   rN:        It protects you from negative energy.
   Regen:     It increases your rate of health regeneration.
   SH:        It affects your SH (+5).
 z - a +6 ring of dexterity (right claw)
Wands
 h - a wand of flame (51)
 j - a wand of paralysis (8)
 x - a wand of charming (9)
Scrolls
 f - 9 scrolls of teleportation
 n - a scroll of fog
 o - 5 scrolls of identify
 r - 5 scrolls of immolation
 s - a scroll of enchant weapon
 u - a scroll of magic mapping
 A - a scroll of amnesia
 H - a scroll of blinking
 I - a scroll of enchant armour {unknown}
Potions
 c - a potion of cancellation
 e - 5 potions of flight
 k - 2 potions of magic
 m - 3 potions of brilliance
 p - a potion of heal wounds
 q - 6 potions of curing
 v - a potion of might
 C - a potion of berserk rage
 D - 7 potions of ambrosia
 F - 2 potions of haste


   Skills:
 + Level 7.3 Fighting
 + Level 4.5 Throwing
 - Level 2.1 Armour
 + Level 7.7 Dodging
 - Level 1.0 Stealth
 + Level 14.6 Unarmed Combat
 + Level 8.0 Invocations
 - Level 1.4 Evocations


You had 11 spell levels left.
You didn't know any spells.
Your spell library contained the following spells:

 Spells                   Type           Power      Damage    Failure   Level
 Magic Dart               Conj           0%         1d3       45%         1
 Sting                    Tmut/Pois      0%         1d3       45%         1
 Call Imp                 Summ           0%         N/A       58%         2
 Poisonous Vapours        Pois/Air       0%         N/A       58%         2
 Mephitic Cloud           Conj/Pois/Air  0%         N/A       83%         3
 Olgreb's Toxic Radiance  Pois           0%         N/A       99%         4


Dungeon Overview and Level Annotations

Branches:
Dungeon (12/15)            Temple (1/1) D:6            Lair (2/6) D:8
    Orc (0/2) D:11          Sewer (visited)
  Swamp: Lair:2-4    Shoals: Lair:2-4     Snake: Lair:2-4    Spider: Lair:2-4

Altars:
Ashenzari
Cheibriados
Dithmenos
Elyvilon
Fedhas
Gozag
Hepliaklqana
Kikubaaqudgha
Makhleb
Nemelex Xobeh
Okawaru
Qazlal
Ru
Sif Muna
Trog
Uskayaw
Vehumet
Wu Jian
Xom
Yredelemnul
Zin
The Shining One

Shops:
D:1 ?

Annotations:
Lair:2 1 runed translucent door, 0gre's ghost, journeyman GnCj


Innate Abilities, Weirdness & Mutations

You are too large for most types of armour.
You have claws for hands.
Your natural rate of healing is unusually fast.
You are covered in fur. (AC +1)
You have tough skin. (AC +1)


Message History

You mangle the meliai!!
You kill the meliai!
You feel sick. The meliai misses you. The meliai stings you.
* * * LOW HITPOINT WARNING * * *
The meliai hits you with a +0 war axe.
* * * LOW HITPOINT WARNING * * *
The meliai stings you but does no damage.
You barely miss the meliai.
You feel sick. The meliai barely misses you. The meliai closely misses you.
The boulder beetle curls into a ball and begins rolling!
Unknown command.
You scratch the meliai.
The meliai is lightly wounded.
You feel sick. The meliai barely misses you. The meliai stings you.
* * * LOW HITPOINT WARNING * * *
The meliai closely misses you. You block the meliai's attack.
Unknown command.
You mangle the meliai!!
You kill the meliai!
You feel sick.
Your Invocations skill increases to level 8!
Unknown command.
You scratch the boulder beetle but do no damage.
You claw the boulder beetle, but do no damage.
The boulder beetle is lightly wounded.
The boulder beetle hits you.
* * * LOW HITPOINT WARNING * * *
The boulder beetle stops rolling and uncurls.
Unknown command.
You scratch the boulder beetle but do no damage.
The boulder beetle is lightly wounded.
You feel sick.
Unknown command.
You scratch the boulder beetle.
The boulder beetle is lightly wounded.
You feel sick. The boulder beetle bites you!
* * * LOW HITPOINT WARNING * * *
Unknown command.
You fail to use your ability.
You feel sick. The boulder beetle bites you!
You die...

..###### ........ ........
........ ........ .#######
# ......>### .# ######...#
####.# ###.# #@)..#
########.## #B####
....#.##..# ####.########
###.#.##..###...........##
)(#.#)##..#...............
[.#.#.##..#.#...........##
#'#.#.##....#...........#
..#...##..###...........#
#.###.##### ##########.##


You could see a boulder beetle.

Vanquished Creatures
  A hydra (Lair:1)
  Harold (D:9)
  3 centaur warriors
  4 two-headed ogres
  Nergalle (D:10)
  Pikel (D:8)
  3 cyclopes
  A manticore (D:12)
  Maurice (D:9)
  A cane toad (Lair:1)
  Maggie (D:6)
  3 komodo dragons (Lair:1)
  2 gargoyles
  A queen bee (D:10)
  6 meliai
  3 trolls
  Grinder (D:5)
  5 shadows
  12 yaks
  A steam dragon (D:9)
  Grum (D:10)
  5 wyverns
  6 vampire mosquitoes
  4 water moccasins
  3 acid dragons
  Duvessa (D:5)
  An ice beast (D:5)
  5 orc warriors
  A sky beast (D:8)
  4 black bears
  An ogre (D:5)
  2 necrophages
  8 centaurs
  3 wolves
  4 phantoms
  2 kobold brigands
  6 bullfrogs
  2 scorpions
  3 gnoll sergeants
  A water moccasin zombie (D:6)
  Dowan (D:5)
  A water moccasin skeleton (D:7)
  33 killer bees (D:10)
  A troll zombie (D:11)
  8 howler monkeys
  A bullfrog zombie (D:5)
  2 centaur zombies
  3 jellies (D:5)
  3 bullfrog skeletons
  5 orc priests
  4 hounds
  A gnoll shaman (D:8)
  3 iguanas
  6 orc wizards
  A killer bee zombie (D:6)
  5 ogre zombies (D:11)
  A hound skeleton (D:4)
  A howler monkey zombie (D:7)
  16 gnolls
  8 adders
  A river rat (Sewer)
  A shadow imp (D:6)
  2 white imps (D:7)
  An ufetubus (D:5)
  A worm (D:2)
  6 dart slugs
  29 orcs
  4 endoplasms
  3 giant cockroaches
  7 goblins
  4 hobgoblins
  11 jackals
  4 quokkas
  6 ball pythons
  3 bats
  6 frilled lizards
  A goblin skeleton (D:11)
  3 goblin zombies (D:11)
  A hobgoblin skeleton (D:11)
  2 hobgoblin zombies (D:11)
  14 kobolds
  2 orc skeletons (D:11)
  10 orc zombies (D:11)
  7 rats
348 creatures vanquished.

Vanquished Creatures (collateral kills)
  An orc (D:8)
1 creature vanquished.

Vanquished Creatures (others)
  A fungus (D:8)
  4 plants
5 creatures vanquished.

Grand Total: 354 creatures vanquished

Notes
Turn   | Place    | Note
-------+----------+-------------------------------------------
     0 | D:1      | pkoi the Troll Monk began the quest for the Orb.
     0 | D:1      | Reached XP level 1. HP: 22/22 MP: 0/0
    35 | D:1      | Found Atiz's Magic Scroll Boutique.
   125 | D:1      | Found a faded altar of an unknown god.
   130 | D:1      | Reached XP level 2. HP: 29/29 MP: 1/1
   292 | D:1      | Reached skill level 4 in Unarmed Combat
   474 | D:1      | Reached XP level 3. HP: 36/36 MP: 2/2
   535 | D:2      | Identified a scroll of acquirement
   535 | D:2      | Acquired a +1 cloak of stealth
   791 | D:2      | Found a bloodstained altar of Trog.
  1048 | D:2      | Reached XP level 4. HP: 44/44 MP: 3/3
  1187 | D:3      | Reached skill level 5 in Unarmed Combat
  1565 | D:3      | Reached XP level 5. HP: 43/50 MP: 4/4
  1594 | D:3      | You fall into a shaft and drop 1 floor!
  1602 | D:4      | Reached skill level 6 in Unarmed Combat
  1622 | D:4      | Noticed a phantom
  1630 | D:4      | Killed a phantom
  1780 | D:4      | Reached XP level 6. HP: 57/59 MP: 5/5
  1844 | D:4      | Reached skill level 7 in Unarmed Combat
  1871 | D:4      | Noticed an orc warrior
  1885 | D:4      | Killed an orc warrior
  2234 | D:5      | Entered Level 5 of the Dungeon
  2240 | D:5      | Reached skill level 8 in Unarmed Combat
  2299 | D:5      | Reached XP level 7. HP: 66/66 MP: 6/6
  2338 | D:5      | Noticed Dowan
  2338 | D:5      | Noticed Duvessa
  2363 | D:5      | Killed Duvessa
  2364 | D:5      | Reached skill level 9 in Unarmed Combat
  2381 | D:5      | Killed Dowan
  2648 | D:5      | Found a glowing drain.
  2654 | D:5      | Reached XP level 8. HP: 74/74 MP: 7/7
  2660 | Sewer    | Entered a sewer
  2730 | Sewer    | Reached skill level 10 in Unarmed Combat
  2751 | Sewer    | Found a glowing silver altar of Zin.
  2821 | Sewer    | Became a worshipper of Zin the Law-Giver
  2821 | Sewer    | Reached * piety under Zin
  2821 | Sewer    | Reached ** piety under Zin
  2821 | Sewer    | Reached *** piety under Zin
  2988 | D:5      | Noticed Grinder
  2995 | D:5      | Killed Grinder
  2996 | D:5      | Reached skill level 1 in Invocations
  3555 | D:6      | Reached XP level 9. HP: 83/84 MP: 10/10
  3803 | D:6      | Found a staircase to the Ecumenical Temple.
  3876 | D:6      | Noticed Maggie
  3888 | D:6      | Killed Maggie
  3891 | D:6      | Acquired 905 gold pieces
  3892 | D:6      | Reached **** piety under Zin
  3892 | D:6      | Reached ***** piety under Zin
  4041 | Temple   | Entered the Ecumenical Temple
  4385 | D:7      | Noticed a two-headed ogre
  4398 | D:7      | Killed a two-headed ogre
  4399 | D:7      | Reached skill level 11 in Unarmed Combat
  4400 | D:7      | Noticed a five-headed hydra
  4597 | D:7      | Reached skill level 5 in Fighting
  4597 | D:7      | Reached skill level 5 in Dodging
  4921 | D:7      | Reached XP level 10. HP: 96/96 MP: 12/12
  5089 | D:8      | Noticed a two-headed ogre
  5309 | D:8      | Reached skill level 5 in Invocations
  5391 | D:8      | Found a staircase to the Lair.
  5402 | D:8      | Killed a two-headed ogre
  5715 | D:8      | Found a hazy altar of Hepliaklqana.
  5826 | D:9      | Noticed a two-headed ogre
  5884 | D:9      | Noticed Maurice
  5928 | D:9      | Noticed Pikel
  5934 | D:8      | Killed Pikel
  5963 | D:9      | Killed Maurice
  6282 | D:9      | Found an ornate altar of the Wu Jian Council.
  6309 | D:9      | Found a snail-covered altar of Cheibriados.
  6373 | D:9      | Noticed Harold
  6385 | D:9      | Killed Harold
  6386 | D:9      | Reached skill level 1 in Throwing
  6510 | D:9      | Killed a two-headed ogre
  6511 | D:9      | Reached skill level 12 in Unarmed Combat
  6511 | D:9      | Reached XP level 11. HP: 41/107 MP: 14/14
  6735 | D:9      | Noticed a centaur warrior
  6736 | D:9      | Noticed a centaur warrior
  6744 | D:9      | Killed a centaur warrior
  6753 | D:9      | Killed a centaur warrior
  7028 | D:1      | Bought a scroll of acquirement for 728 gold pieces
  7028 | D:1      | Bought 2 scrolls of teleportation for 84 gold pieces
  7028 | D:1      | Bought a scroll of teleportation for 42 gold pieces
  7028 | D:1      | Acquired the amulet of Ru's Hatred {Reflect rN+ Regen+
                  | SH+5}
  7243 | Lair:1   | Entered Level 1 of the Lair of Beasts
  7518 | Lair:1   | Reached skill level 1 in Armour
  7527 | Lair:1   | Noticed a four-headed hydra
  7570 | Lair:1   | Killed a nine-headed hydra
  7571 | Lair:1   | Reached skill level 1 in Evocations
  7970 | Lair:1   | Found a shimmering blue altar of Sif Muna.
  8155 | Lair:2   | Found a runed translucent door.
  8158 | Lair:2   | Noticed 0gre's ghost (journeyman GnCj)
  8191 | Lair:2   | Noticed an eight-headed hydra
  8340 | D:9      | Found a stormy altar of Qazlal.
  8539 | D:10     | Entered Level 10 of the Dungeon
  8749 | D:10     | Noticed a two-headed ogre
  8755 | D:10     | Killed a two-headed ogre
  8756 | D:10     | Reached skill level 13 in Unarmed Combat
  8756 | D:10     | Reached XP level 12. HP: 73/115 MP: 16/16
  8788 | D:10     | Noticed Grum
  8843 | D:10     | Killed Grum
  9091 | D:10     | Noticed Nergalle
  9102 | D:10     | Killed Nergalle
  9293 | D:10     | Reached skill level 14 in Unarmed Combat
  9606 | D:11     | Found a staircase to the Orcish Mines.
 10230 | D:12     | Reached ****** piety under Zin
 10420 | D:12     | Noticed a centaur warrior
 10428 | D:12     | Killed a centaur warrior
 10552 | D:12     | Noticed a boulder beetle
 10578 | D:12     | HP: 2/118 [boulder beetle (15)]
 10579 | D:12     | Mangled by a boulder beetle

Illustrated notes

Levels and vault maps discovered:
D:1:      tarquinn_simple_flora_water_c, layout_rooms,
          ebering_ecumenical_altar_hall, serial_shops, shop_statue
D:2:      layout_loops_ring, basic_altar, feat_on_display
D:3:      layout_rooms
D:4:      layout_loops_ring
D:5:      layout_loops_ring, portal_sewer_entry_d, grunt_decor_cap,
          minmay_misc_feat_encased, grunt_ministairs_5, st_stairs_2,
          kennysheep_decorative_pillar, kennysheep_generic_room_7, uniq_grinder,
          uniq_duvessa
D:6:      layout_cave_pools, minmay_temple_entry_large_hall, chequers_avenue,
          uniq_maggie
D:7:      layout_basic, minmay_manual_mess
D:8:      layout_loops_ring, nzn_hepliaklqana_mist_gate, david_lair_generic
D:9:      layout_cave_pods, nicolae_overflow_crystal_walls,
          mainiacjoe_overflow_divided_tiny, minmay_bent, uniq_pikel,
          uniq_maurice, uniq_harold
D:10:     layout_loops_ring, special_room [special_room_bee], uniq_nergalle,
          uniq_grum
D:11:     layout_roguey, zombieorc1_lemuel
D:12:     layout_roguey, minmay_misc_feat_square, wad_mini_maze
Temple:   hc_temple_tempest_star
Lair:1:   layout_cave_pods, basic_altar
Lair:2:   layout_gridlike, minmay_snake_entry_guardpost_medium, enter_volcano_2,
          hellmonk_ghost_happy_afterlife, beast_lair_carwin_6

Skill      XL: |  1  2  3  4  5  6  7  8  9 10 11 12 |
---------------+-------------------------------------+-----
Unarmed Combat | 4 5 6 8 9 10 11 12 13 14 | 14.6
Invocations    | 2 4 6 7 8 |  8.0
Fighting       | 3 5 6 7 |  7.3
Dodging        | 3 5 6 7 |  7.7
Throwing       | 1 3 4 |  4.5
Armour         | 2 |  2.1
Evocations     | 1 |  1.4
Stealth        | |  1.0

Action                   |  1- 3 |  4- 6 |  7- 9 | 10-12 || total
-------------------------+-------+-------+-------+-------++-------
Melee: Unarmed           |    86 |   107 |   226 |   573 ||   992
       Punch             |       |     2 |    13 |    61 ||    76
Throw: Boomerang         |       |       |       |     5 ||     5
Invok: Recite            |       |       |     2 |     7 ||     9
       Sanctuary         |       |       |       |     1 ||     1
  Use: Scroll            |     6 |     5 |     5 |     7 ||    23
       Potion            |       |     3 |     3 |     1 ||     7
 Stab: Sleeping          |     7 |     7 |    15 |    11 ||    40
       Distracted        |     1 |       |       |     4 ||     5
       Invisible         |       |       |       |     1 ||     1
Armor: Robe              |    23 |    30 |    47 |       ||   100
       Steam dragon scal |       |       |    20 |   150 ||   170
Dodge: Dodged            |    25 |    57 |   118 |   413 ||   613
       Repelled          |       |       |       |     1 ||     1
Block: Other             |       |       |       |    88 ||    88
       Reflection        |       |       |       |     1 ||     1
